 Dungeon Crawl Stone Soup version 0.31-a0-164-g2312942fda (webtiles) character file.

Game seed: 9155929798068858969

236 CowFu the Ruffian (level 6, -8/51 HPs)
             Began as a Ghoul Monk on June 14, 2023.
             Was a Believer of Dithmenos.
             Mangled by a hornet (13 damage)
             ... on level 4 of the Dungeon.
             The game lasted 00:02:23 (2511 turns).

CowFu the Ruffian (Ghoul Monk)                      Turns: 2511, Time: 00:02:24

Health: -8/51      AC:  9    Str: 20 (23) XL:     6   Next: 6%
Magic:  5/5        EV:  8    Int:  2 (5)  God:    Dithmenos [**....]
Gold:   171        SH:  0    Dex: 10 (11) Spells: 5/5 levels left

rFire   . .          .
                       - Unarmed
rCold   + . .        c - orb {light}
rNeg    + + +        s - +0 chain mail
rPois   ∞            (no helmet)
rElec   .            o - +0 cloak
rCorr   .            (no gloves)
SInv    .            (no boots)
Will    .....        (no amulet) Stlth
                     j - +6 ring of strength
HPRegen 0.00/turn    (no ring)
MPRegen 0.09/turn

%: no passive effects
@: inhibited regen
A: claws 1, cold resistance 1, negative energy resistance 3, inhibited
regeneration, torment resistance 2, devour on kill
a: Renounce Religion, Shadow Step


You were on level 4 of the Dungeon.
You worshipped Dithmenos.
Dithmenos was pleased with you.
You visited 1 branch of the dungeon, and saw 4 of its levels.

You collected 171 gold pieces.

Inventory:

Armour
 c - an orb of light (worn)
 o - a +0 cloak (worn)
 s - a +0 chain mail (worn)
Jewellery
 j - a +6 ring of strength (left claw)
Wands
 a - a wand of mindburst (19)
 k - a wand of iceblast (11)
 l - a wand of digging (3)
Scrolls
 b - a scroll of amnesia {unknown}
 d - a scroll of acquirement {unknown}
 f - 2 scrolls of enchant armour {unknown}
 g - a scroll of revelation {unknown}
 h - 2 scrolls of teleportation {unknown}
 i - 3 scrolls of identify {unknown}
 p - a scroll of torment {unknown}
 q - a scroll of vulnerability {unknown}
Potions
 m - a potion of cancellation {unknown}
 n - a potion of attraction {unknown}
 r - a potion of mutation {unknown}


   Skills:
 - Level 3.2 Fighting
 - Level 2.6 Dodging
 + Level 7.2 Unarmed Combat


You had 5 spell levels left.
You didn't know any spells.
Your spell library contained the following spells:

 Spells                   Type           Power      Damage    Failure   Level
 Conjure Ball Lightning   Conj/Air       0%         3x3d6     100%        6
 Discord                  Hex            0%         N/A       100%        8
 Disjunction              Tloc           0%         N/A       100%        8


Dungeon Overview and Level Annotations

Branches:
Dungeon (4/15)
 Temple: D:4-7

Altars:
Dithmenos
Yredelemnul


Innate Abilities, Weirdness & Mutations

You are immune to poison.
You have sharp fingernails.
Your flesh is cold resistant. (rC+)
You are immune to negative energy. (rN+++)
You do not regenerate when monsters are visible.
You are immune to unholy pain and torment.
You thrive by killing the living.


Message History

The slug dart misses you.
There are monsters nearby!
The dart slug launches a dart at you. The slug dart hits you.
There are monsters nearby!
You scratch the dart slug.
The dart slug is heavily wounded.
There are monsters nearby!
You scratch the dart slug.
You kill the dart slug!
Dithmenos accepts your kill. The hornet stings you.
A hornet is nearby!
You closely miss the hornet.
The hornet stings you but does no damage.
You scratch the hornet.
The hornet is lightly wounded.
The hornet stings you!
You miss the hornet.
The hornet is lightly wounded.
The hornet stings you but does no damage.
You closely miss the hornet.
The hornet is lightly wounded.
The hornet stings you! The hornet stings you.
You claw the hornet!
The hornet is heavily wounded.
The hornet stings you but does no damage.
You claw the hornet!
The hornet is severely wounded.
The hornet stings you!
* * * LOW HITPOINT WARNING * * *
You barely miss the hornet.
The hornet is severely wounded.
The hornet stings you.
* * * LOW HITPOINT WARNING * * *
It was a potion of degeneration.
There was something very wrong with that liquid.
You feel weakened.
You feel dopey.
You feel clumsy. The hornet stings you!
You die...

## #### #.. #...#.###
##.# #### #.#..... ..#
... #.###.######.#
###.###
...........>.###.....#
........##...........#
.................?...#
.........#.†....@....#
.........#<.....y†......
.........#...#+#........
.........#...# #...$....
.........#...# #........
.........#...# #........
.........##.## #........
............ #########
........###.


You could see a hornet.

Vanquished Creatures
  A scorpion (D:4)
  A jelly (D:4)
  Jessica (D:2)
  An iguana (D:4)
  Robin (D:3)
  2 adders
  3 dart slugs
  2 orcs (D:3)
  4 bats
  6 endoplasms
  6 giant cockroaches
  9 hobgoblins
  2 jackals (D:2)
  2 quokkas
  2 ball pythons
  2 frilled lizards
  10 goblins
  2 kobolds (D:2)
  3 rats
60 creatures vanquished.

Notes
Turn   | Place    | Note
-------+----------+-------------------------------------------
     0 | D:1      | CowFu the Ghoul Monk began the quest for the Orb.
     0 | D:1      | Reached XP level 1. HP: 19/19 MP: 0/0
   398 | D:1      | Reached XP level 2. HP: 24/26 MP: 1/1
   493 | D:1      | Reached skill level 4 in Unarmed Combat
   924 | D:2      | Noticed Jessica
   929 | D:2      | Reached XP level 3. HP: 31/31 MP: 2/2
   932 | D:2      | Killed Jessica
   933 | D:2      | Reached skill level 5 in Unarmed Combat
  1247 | D:2      | Reached XP level 4. HP: 38/38 MP: 3/3
  1703 | D:3      | Found a basalt altar of Yredelemnul.
  1711 | D:3      | Found a shadowy altar of Dithmenos.
  1733 | D:3      | Became a worshipper of Dithmenos the Shadowed
  1733 | D:3      | Reached * piety under Dithmenos
  1733 | D:3      | Reached ** piety under Dithmenos
  2140 | D:3      | Noticed Robin
  2184 | D:3      | Reached skill level 6 in Unarmed Combat
  2186 | D:3      | Killed Robin
  2187 | D:3      | Reached XP level 5. HP: 43/45 MP: 4/4
  2478 | D:4      | Reached skill level 7 in Unarmed Combat
  2496 | D:4      | Reached XP level 6. HP: 51/51 MP: 5/5
  2500 | D:4      | Noticed a hornet
  2511 | D:4      | Mangled by a hornet

Illustrated notes

Levels and vault maps discovered:
D:1:      minmay_arrival_split_and_join, layout_basic, corexii_corridor_pit,
          minmay_misc_feat_room, amcnicky_mini_corridor_feature,
          minmay_split_cup_large
D:2:      layout_loops_cross, uniq_jessica
D:3:      layout_rooms, mainiacjoe_overflow_big_doors, serial_co_window_serial,
          co_window_of_opportunity_a, co_window_paths_a, co_window_corner_a,
          co_window_paths_a, co_window_cross_1, co_window_paths_b,
          co_window_of_opportunity_a, co_window_2corner, co_window_cross_4,
          co_window_broadway_b, co_window_corner_b, co_window_of_opportunity_c,
          glass_columns_a, glass_columns_a, glass_columns_a, glass_columns_a,
          glass_columns_b, uniq_robin
D:4:      layout_basic, mainiacjoe_overflow_alcove_4, uniq_blork_the_orc

Skill      XL: |  1  2  3  4  5 |
---------------+----------------+-----
Unarmed Combat | 4 5 6 7 |  7.2
Fighting       | |  3.2
Dodging        | |  2.6

Action                     |  1- 3 |  4- 6 || total
---------------------------+-------+-------++-------
  Melee: Unarmed           |    57 |    90 ||   147
    Use: Potion            |       |     2 ||     2
 Armour: Robe              |    11 |     7 ||    18
         Chain mail        |       |    51 ||    51
  Dodge: Dodged            |    34 |    51 ||    85

Table legend: (Time is in decaauts)
 A = Elapsed time spent in this place.
 B = Non-inter-level travel time spent in this place.
 C = Inter-level travel time spent in this place.
 D = Time resting spent in this place.
 E = Time spent auto-exploring this place.
 F = Levels seen in this place.
 G = Mean time per level.
                   A        B        C        D        E       F      G
               +--------+--------+--------+--------+--------+-----+--------+
         Total |   2496 |   2400 |     96 |    100 |   1926 |   4 |  624.0 |
       Dungeon |   2496 |   2400 |     96 |    100 |   1926 |   4 |  624.0 |
               +--------+--------+--------+--------+--------+-----+--------+

Top non-repeatable levels by time:
     D:3: 904 daAuts
     D:1: 870 daAuts
     D:2: 658 daAuts
     D:4: 62 daAuts
